 Dungeon Crawl Stone Soup version 0.24.0-123-gd5b16e6ec5 (webtiles) character file.

Game seed: 17596026922420486724, levelgen mode: deterministic

81 Delamore the Chopper (level 4, -1/39 HPs)
             Began as a Hill Orc Fighter on Dec 23, 2019.
             Slain by Natasha (5 damage)
             ... on level 2 of the Dungeon.
             The game lasted 00:01:16 (748 turns).

Delamore the Chopper (Hill Orc Fighter)              Turns: 748, Time: 00:01:17

Health: -1/39      AC:  8    Str: 19    XL:     4   Next: 40%
Magic:  4/4        EV:  7    Int:  8    God:
Gold:   23         SH:  9    Dex: 10    Spells: 3/3 levels left

rFire    . . .     SeeInvis .   a - +0 war axe
rCold    . . .     Gourm    .   c - +0 shield
rNeg     . . .     Faith    .   b - +0 scale mail
rPois    .         Spirit   .   (no helmet)
rElec    .         Reflect  .   (no cloak)
rCorr    .         Harm     .   h - +0 pair of gloves
MR       .....                  (no boots)
Stlth    ..........             (no amulet)
HPRegen  0.13/turn              (no ring)
MPRegen  0.09/turn              (no ring)

@: slowed, very slow
A: no striking features
a: no special abilities


You were on level 2 of the Dungeon.
You were not hungry.

You visited 1 branch of the dungeon, and saw 2 of its levels.

You collected 23 gold pieces.

Inventory:

Hand Weapons
 a - a +0 war axe (weapon)
Armour
 b - a +0 scale mail (worn)
 c - a +0 shield (worn)
 h - a +0 pair of gloves (worn)
Scrolls
 e - 3 scrolls of identify {unknown}
 i - a scroll of immolation {unknown}
 j - 2 scrolls of fear {unknown}
 l - 2 scrolls of enchant armour {unknown}
 m - a scroll of teleportation {unknown}
 n - a scroll of enchant weapon {unknown}
Potions
 d - a potion of might
 k - a potion of curing
Comestibles
 f - a ration
 g - 3 chunks of flesh


   Skills:
 - Level 3.6 Fighting
 + Level 6.0 Axes
 - Level 3.2 Armour
 - Level 3.2 Shields


You had 3 spell levels left.
You didn't know any spells.
Your spell library was empty.

Dungeon Overview and Level Annotations

Branches:
Dungeon (2/15)

Altars:
Fedhas

Annotations:
D:2 Natasha


Message History

* * * LOW HITPOINT WARNING * * *
You block Natasha's attack.
You completely miss Natasha.
Natasha is heavily wounded.
You block Natasha's attack. Natasha claws you but does no damage.
Your shield and scale mail prevent you from hitting Natasha.
Natasha is heavily wounded.
Natasha claws you.
* * * LOW HITPOINT WARNING * * *
Natasha claws you.
* * * LOW HITPOINT WARNING * * *
You closely miss Natasha.
Natasha is heavily wounded.
Natasha wildly gestures.
Natasha shimmers violently.
You block Natasha's attack. Natasha barely misses you.
You hit Natasha.
Natasha is almost dead.
Natasha barely misses you. Natasha claws you.
You die...

#........##..>....
#........#........
######........#........
.............[.....###.
######..........### #.
######...### ## #.....#
#########..####
#.....@h..##
#.........# #......(.##
#........# #........#
##########


You could see Natasha.

Vanquished Creatures
  Natasha (D:2)
  An ooze (D:2)
  A worm (D:2)
  A dart slug (D:1)
  2 leopard geckos
  3 giant cockroaches (D:1)
  8 goblins
  3 hobgoblins
  3 jackals (D:2)
  A quokka (D:2)
  5 bats
  5 frilled lizards
  5 kobolds
  2 rats
41 creatures vanquished.

Notes
Turn   | Place    | Note
-------+----------+-------------------------------------------
     0 | D:1      | Delamore the Hill Orc Fighter began the quest for the Orb.
     0 | D:1      | Reached XP level 1. HP: 19/19 MP: 1/1
    38 | D:1      | Reached skill level 3 in Axes
    71 | D:1      | Reached XP level 2. HP: 26/26 MP: 2/2
   146 | D:1      | Reached skill level 4 in Axes
   266 | D:1      | Reached XP level 3. HP: 31/31 MP: 3/3
   541 | D:2      | Reached skill level 5 in Axes
   593 | D:2      | Found a blossoming altar of Fedhas.
   709 | D:2      | Noticed Natasha
   725 | D:2      | Killed Natasha
   725 | D:2      | Reached skill level 6 in Axes
   725 | D:2      | Reached XP level 4. HP: 11/39 MP: 4/4
   735 | D:2      | Noticed Natasha
   741 | D:2      | HP: 1/39 [Natasha/magic dart (5)]
   748 | D:2      | Slain by Natasha

Levels and vault maps discovered:
D:1:      dpeg_arrival_round_a, layout_rooms
D:2:      layout_rooms, overflow_temple_1_default, hangedman_decor_lopped,
          hangedman_decor_peaks_small, uniq_natasha

Skill      XL: |  1  2  3 |
---------------+----------+-----
Axes           | 3 4 6 |  6.0
Fighting       | |  3.6
Armour         | |  3.2
Shields        | |  3.2

Action                   |  1- 3 |  4- 6 || total
-------------------------+-------+-------++-------
Melee: War axe           |   131 |     7 ||   138
  Use: Potion            |       |     1 ||     1
Armor: Scale mail        |    72 |     1 ||    73
Dodge: Dodged            |    52 |     2 ||    54
Block: Shield            |    88 |     7 ||    95
